 Dungeon Crawl Stone Soup version 0.21.1-1-g345015f (webtiles) character file.

148 Curus the Twirler (level 5, -1/38 HPs)
             Began as a Demonspawn Gladiator on Mar 12, 2018.
             Slain by Crazy Yiuf
             ... wielding a +2 quarterstaff of chaos
              (15 damage)
             ... on level 2 of the Dungeon.
             The game lasted 00:04:28 (1751 turns).

Curus the Twirler (Demonspawn Gladiator)            Turns: 1751, Time: 00:04:28

Health: -1/38      AC:  3    Str: 15    XL:     5   Next: 8%
Magic:  5/5        EV: 12    Int:  9    God:
Gold:   118        SH:  0    Dex: 15    Spells: 4/4 levels left

rFire    . . .     SeeInvis .   a - +2 quarterstaff
rCold    . . .     Gourm    .   (shield currently unavailable)
rNeg     . . .     Faith    .   b - +0 leather armour
rPois    .         Spirit   .   (helmet restricted)
rElec    .         Reflect  .   (no cloak)
rCorr    .         Harm     .   (no gloves)
MR       .....                  (no boots)
Stlth    ++........             (no amulet)
HPRegen  0.12/turn              (no ring)
MPRegen  0.09/turn              (no ring)

@: drained
A: horns 1, nightstalker 1, rot immunity
a: no special abilities


You were on level 2 of the Dungeon.
You were not hungry.

You visited 1 branch of the dungeon, and saw 2 of its levels.

You collected 118 gold pieces.

Inventory:

Hand Weapons
 a - a +2 quarterstaff (weapon)
Missiles
 d - 3 throwing nets (quivered)
Armour
 b - a +0 leather armour (worn)
 c - a +0 helmet
Scrolls
 g - 3 scrolls of identify
Potions
 e - a potion of curing
Comestibles
 f - 5 rations
 h - a chunk of flesh


   Skills:
 - Level 2.0(1.5) Fighting
 + Level 5.3(4.8) Staves
 - Level 1.7(1.2) Throwing
 - Level 2.6(2.2) Dodging


You had 4 spell levels left.
You didn't know any spells.

Dungeon Overview and Level Annotations

Branches:
Dungeon (2/15)

Altars:
The Shining One

Annotations:
D:2 Crazy Yiuf


Innate Abilities, Weirdness & Mutations

You have a pair of small horns on your head.
You are slightly more attuned to the shadows.
You are immune to rotting.


Message History

Crazy Yiuf the Enlightened comes into view.
He is wielding a quarterstaff of chaos.
Found eight maces.
There is an open door here.
You see here a mace.
Crazy Yiuf hits you with a quarterstaff of chaos!
You see here a mace.
You hit Crazy Yiuf.
Crazy Yiuf is moderately wounded.
Crazy Yiuf hits you with a quarterstaff of chaos.
You feel drained.
You sock Crazy Yiuf!
Crazy Yiuf is severely wounded.
Crazy Yiuf flaps his cloak.
Crazy Yiuf hits you with a quarterstaff of chaos.
You feel drained.
You closely miss Crazy Yiuf.
Crazy Yiuf is severely wounded.
Crazy Yiuf hits you with a quarterstaff of chaos.
You are electrocuted!
You die...

.#.##.#.....##
#..###########
.............# #..# #...
......#.....)# #..# ####
##.########### ##.#
....## #.# #####
.....##♣♣♣♣♣ #.# #....
........)♣)♣♣♣##### #.#
#.###
.........)♣))♣#)))# #.#
###.#
###......♣♣♣♣)')@g# #.#
#...# ##....♣♣ ♣♣#)))#
#.# #.##### ####♣♣ #####
#.#####.####.
#.##...#).... #
#.##.##.####. #
################.##.##.#
## #
#.##.......#.).....#...#
# #
#..#.#######.###.##.##.#
# # ##.#.# #.#
#.##.##.#####


You could see Crazy Yiuf.

Vanquished Creatures
  A bullfrog skeleton (D:2)
  Robin (D:2)
  4 adders (D:2)
  An ooze (D:1)
  A worm (D:2)
  2 dart slugs (D:1)
  2 leopard geckos
  An orc (D:2)
  3 giant cockroaches (D:1)
  10 goblins (D:2)
  12 hobgoblins
  3 kobolds
  A quokka (D:2)
  11 bats
  A frilled lizard (D:2)
  5 rats
59 creatures vanquished.

Notes
Turn   | Place    | Note
-------+----------+-------------------------------------------
     0 | D:1      | Curus the Demonspawn Gladiator began the quest for the Orb.
     0 | D:1      | Reached XP level 1. HP: 16/16 MP: 1/1
   120 | D:1      | Reached skill level 3 in Staves
   120 | D:1      | Gained mutation: You have a pair of small horns on your head. [demonic ancestry]
   120 | D:1      | Reached XP level 2. HP: 16/22 MP: 2/2
   574 | D:1      | Gained mutation: You are immune to rotting. [demonic ancestry]
   574 | D:1      | Reached XP level 3. HP: 27/27 MP: 3/3
   714 | D:2      | Reached skill level 4 in Staves
   732 | D:2      | Noticed Robin
   744 | D:2      | Killed Robin
   883 | D:2      | Found a faded altar of an unknown god.
   947 | D:2      | Gained mutation: You are slightly more attuned to the shadows. [demonic ancestry]
   947 | D:2      | Reached XP level 4. HP: 33/33 MP: 4/4
   986 | D:2      | Found a runed door.
  1137 | D:2      | Reached skill level 5 in Staves
  1256 | D:2      | Found a glowing golden altar of the Shining One.
  1261 | D:2      | Reached XP level 5. HP: 16/38 MP: 5/5
  1745 | D:2      | Noticed Crazy Yiuf
  1751 | D:2      | Slain by Crazy Yiuf

Skill      XL: |  1  2  3  4 |
---------------+-------------+-----
Staves         | 3 4 5 |  5.3
Fighting       | |  2.0
Throwing       | |  1.7
Dodging        | |  2.6

Action                   |  1- 3 |  4- 6 || total
-------------------------+-------+-------++-------
Melee: Quarterstaff      |    86 |    51 ||   137
       Headbutt          |    10 |     8 ||    18
  Use: Scroll            |     4 |       ||     4
       Potion            |     3 |       ||     3
 Stab: Sleeping          |     2 |     6 ||     8
  Eat: Chunk             |       |     3 ||     3
Armor: Leather armour    |    29 |     8 ||    37
Dodge: Dodged            |    51 |    15 ||    66
